 Dungeon Crawl Stone Soup version 0.31.0-10-gcf4a605ca0 (webtiles) character file.

Game seed: 18021999209798570354

88 SnakkuSnakku7 the Caller (level 4, -2/38 HPs)
             Began as a Ghoul Summoner on Jan 26, 2024.
             Slain by a kobold brigand
             ... wielding a +0 short sword
              (7 damage)
             ... in a sewer.
             The game lasted 00:02:48 (1738 turns).

SnakkuSnakku7 the Caller (Ghoul Summoner)           Turns: 1738, Time: 00:02:48

Health: -2/38      AC:  3    Str: 13    XL:     4   Next: 54%
Magic:  6/6        EV: 11    Int: 14    God:
Gold:   145        SH:  0    Dex:  9    Spells: 5/6 levels left

rFire   . .          .
                       - Unarmed
rCold   + . .        (no shield)
rNeg    + + +        m - +0 leather armour
rPois   ∞            (no helmet)
rElec   .            (no cloak)
rCorr   .            (no gloves)
SInv    .            (no boots)
Will    .....        n - amulet of regeneration
Stlth   +            (no ring)
HPRegen 0.00/turn    (no ring)
MPRegen 0.10/turn

%: no passive effects
@: inhibited regen
A: claws 1, cold resistance 1, negative energy resistance 3, inhibited
regeneration, torment resistance 2, devour on kill
a: no special abilities


You were in a sewer.
You visited 1 branch of the dungeon, and saw 3 of its levels.
You also visited: Sewer.

You collected 145 gold pieces.

Inventory:

Armour
 a - a +0 robe
 m - a +0 leather armour (worn)
Jewellery
 n - an amulet of regeneration (around neck)
Scrolls
 g - a scroll of enchant armour {unknown}
 k - a scroll of identify {unknown}
 l - a scroll of teleportation {unknown}
 o - a scroll of amnesia {unknown}
Potions
 b - a potion of magic
 c - 2 potions of brilliance {unknown}
 d - a potion of attraction {unknown}
 e - a potion of cancellation {unknown}
 f - a potion of ambrosia {unknown}
 h - 2 potions of might {unknown}
 i - a potion of heal wounds {unknown}
 j - a potion of curing {unknown}


   Skills:
 + Level 3.0 Fighting
 - Level 1.7 Dodging
 - Level 2.1 Stealth
 + Level 3.0 Unarmed Combat
 - Level 1.7 Spellcasting
 - Level 3.6 Summonings


You had 5 spell levels left.
You knew the following spells:

 Your Spells              Type           Power      Damage    Failure   Level
a - Summon Small Mammal   Summ           44%        N/A       7%          1

Your spell library contained the following spells:

 Spells                   Type           Power      Damage    Failure   Level
 Call Imp                 Summ           22%        N/A       11%         2
 Call Canine Familiar     Summ           11%        N/A       22%         3
 Summon Blazeheart Golem  Fire/Summ      6%         N/A       83%         4
 Summon Lightning Spire   Summ/Air       6%         N/A       83%         4


Dungeon Overview and Level Annotations

Branches:
Dungeon (3/15)              Sewer (1/1)

Altars:


Innate Abilities, Weirdness & Mutations

You are immune to poison.
You have sharp fingernails.
Your flesh is cold resistant. (rC+)
You are immune to negative energy. (rN+++)
You do not regenerate when monsters are visible.
You are immune to unholy pain and torment.
You thrive by killing the living.


Message History

Unknown command.
You scratch the kobold brigand but do no damage.
The kobold brigand is lightly wounded.
Unknown command.
You scratch the kobold brigand.
The kobold brigand is lightly wounded.
The kobold brigand closely misses you.
Unknown command.
You scratch the kobold brigand.
The kobold brigand is moderately wounded.
The kobold brigand closely misses you. The kobold hits you with a +0 dagger.
Unknown command.
You closely miss the kobold brigand.
The kobold brigand is moderately wounded.
The kobold brigand hits you with a +0 short sword!
The kobold closely misses you.
Unknown command.
You are too injured to fight recklessly!
Unknown command.
You are too injured to fight recklessly!
Unknown command.
You are too injured to fight recklessly!
Unknown command.
You are too injured to fight recklessly!
You are too injured to fight recklessly!
You are too injured to fight recklessly!
You scratch the kobold brigand.
The kobold brigand is moderately wounded.
The kobold brigand hits you with a +0 short sword.
The kobold hits you with a +0 dagger.
You scratch the kobold brigand but do no damage.
The kobold brigand is moderately wounded.
The kobold brigand hits you with a +0 short sword!
* * * LOW HITPOINT WARNING * * *
The kobold hits you with a +0 dagger.
* * * LOW HITPOINT WARNING * * *
You scratch the kobold brigand.
The kobold brigand is heavily wounded.
The kobold brigand hits you with a +0 short sword!
You die...

P~~
~~~#################
~~~~~~~~~~~~~~~~~~≈#
≈≈≈≈~≈≈≈≈≈~≈≈≈≈≈~≈≈#
~~~~~~~~~~~~~~~~~~≈#
#######~~########'###
.....~P~~~.#....#...#
.....~~P~..K!!∩.#.∩.#
.......†..@K...!#.∩.#
..P........#?...#####
.........########
#.....##.# ###### ###


You could see a kobold brigand and a kobold.

Vanquished Creatures
  2 adders (D:3)
  4 dart slugs
  8 ball pythons
  2 bats (D:2)
  4 endoplasms (D:2)
  4 giant cockroaches
  4 hobgoblins
  6 jackals
  7 kobolds
  3 quokkas
  4 frilled lizards
  4 goblins
  8 rats
60 creatures vanquished.

Notes
Turn   | Place    | Note
-------+----------+-------------------------------------------
     0 | D:1      | SnakkuSnakku7 the Ghoul Summoner began the quest for the
                  | Orb.
     0 | D:1      | Reached XP level 1. HP: 14/14 MP: 3/3
    77 | D:1      | Reached skill level 1 in Fighting
    77 | D:1      | Reached skill level 1 in Unarmed Combat
    83 | D:1      | Reached XP level 2. HP: 22/23 MP: 4/4
   701 | D:1      | Reached XP level 3. HP: 29/29 MP: 5/5
   758 | D:2      | Found a faded altar of an unknown god.
  1291 | D:2      | Identified the +4 long sword of the Fulmar {flame, rN+
                  | Int+4}
  1384 | D:3      | Found a faded altar of an unknown god.
  1444 | D:3      | Reached XP level 4. HP: 32/37 MP: 6/6
  1659 | D:3      | Found a glowing drain.
  1696 | Sewer    | Entered a sewer
  1722 | Sewer    | Noticed a kobold brigand
  1738 | Sewer    | Slain by a kobold brigand

Illustrated notes

Levels and vault maps discovered:
D:1:      dpeg_arrival_lava_temple_mockup, layout_loops_ring,
          minmay_misc_feat_five, minivault_14, chequers_mini_garden
D:2:      layout_basic, basic_ecumenical_altar, st_stairs_12
D:3:      layout_loops_ring, nicolae_overflow_hidden_temple,
          amcnicky_altar_gilded, mainiacjoe_overflow_alcove_1,
          nicolae_overflow_ecumenical_swirl,
          mainiacjoe_sewer_entry_somewhere_in_here_1
Sewer:    kennysheep_pipe_town

Skill      XL: |  1  2  3  4 |
---------------+-------------+-----
Fighting       | 1 2 3 |  3.0
Unarmed Combat | 1 2 3 |  3.0
Dodging        | |  1.7
Stealth        | |  2.1
Spellcasting   | |  1.7
Summonings     | |  3.6

Action                     |  1- 3 |  4- 6 || total
---------------------------+-------+-------++-------
  Melee: Unarmed           |   163 |    81 ||   244
         Punch             |     6 |       ||     6
   Cast: Summon Small Mamm |     1 |       ||     1
   Stab: Sleeping          |     5 |       ||     5
 Armour: Robe              |    81 |       ||    81
         Leather armour    |     4 |    55 ||    59
  Dodge: Dodged            |    93 |    50 ||   143
